Map: Ruins of Seras

Players

Astray

  • Race: Protoss Protoss
  • League: Bronze

Yanian - Winner!

  • Race: Terran Terran

VOD

Have the link to the VOD?

Description

Lost against an MMM drop

Time

  • Played on: Nov. 21, 2015, 2:43 a.m.
  • Length: 11:14
Show
View Real Time Build Order
Export as new Build Order

Astray Protoss 

Build Orders: 1 Gate Expand 

Get SALT Encoding   

  12  0:01  Probe (Chrono Boost)  
  13  0:14  Pylon  
  13  0:18  Probe (Chrono Boost)  
  14  0:28  Assimilator  
  14  0:32  Probe (Chrono Boost)  
  15  0:41  Gateway  
  15  0:46  Probe (Chrono Boost)  
  16  0:57  Probe (Chrono Boost)  
  17  1:07  Probe (Chrono Boost)  
  18  1:31  Nexus  
  18  1:41  Cybernetics Core  
  18  1:46  Probe (Chrono Boost)  
  19  1:50  Pylon  
  19  2:08  Assimilator  
  19  2:16  Gateway  
  19  2:18  Warp Gate (Chrono Boost)  
  19  2:20  Mothership Core  
  21  2:53  Adept  
  21  2:59  Probe  
  21  3:01  Probe  
  23  3:11  Probe x2  
  25  3:22  Probe  
  25  3:24  Adept  
  28  3:32  Probe  
  28  3:37  Pylon  
  28  3:40  Probe  
  30  3:43  Probe  
  30  4:07  Robotics Facility  
  30  4:13  Pylon  
  30  4:22  Forge  
  30  4:24  Gateway  
  30  4:31  Gateway  
  30  4:34  Pylon  
  30  4:56  Protoss Ground Weapons Level 1 (Chrono Boost)  
  30  5:09  Probe x2  
  32  5:20  Probe  
  30  5:21  Probe  
  30  5:24  Robotics Facility  
  30  5:27  Stalker  
  28  5:28  Stalker  
  30  5:53  Stalker  
  30  5:54  Stalker  
  34  5:58  Probe  
  34  6:01  Probe  
  36  6:10  Probe  
  37  6:11  Probe  
  37  6:18  Stargate  
  37  6:22  Probe  
  33  6:35  Probe  
  34  6:43  Pylon  
  34  6:49  Stalker  
  34  6:50  Stalker  
  38  6:59  Stalker  
  40  7:09  Robotics Bay  
  40  7:12  Probe x2  
  37  7:22  Probe  
  37  7:24  Probe  
  39  7:33  Probe  
  39  7:36  Probe  
  41  7:58  Extended Thermal Lance  
  41  8:07  Probe x2  
  43  8:17  Probe  
  43  8:19  Probe  
  45  8:25  Stalker x2  
  49  8:29  Stalker  
  49  8:33  Probe  
  52  8:45  Probe  
  51  9:03  Probe  
  51  9:05  Stalker  
  54  9:15  Probe  
  54  9:16  Photon Cannon  
  55  9:23  Twilight Council  
  55  9:28  Gateway  
  55  9:29  Probe  
  56  9:42  Colossus  
  62  9:47  Phoenix  
  62  9:52  Probe  
  65  10:23  Stalker  
  65  10:24  Stalker x2  
  71  10:33  Phoenix  
Show
View Real Time Build Order
Export as new Build Order

Yanian Terran - Winner!

Build Orders: Liberator Opening, Reaper Expand, Bio Tank, MMM Bio 

Get SALT Encoding   

  12  0:01  SCV  
  13  0:13  SCV  
  14  0:19  Supply Depot  
  14  0:26  SCV  
  15  0:41  SCV  
  16  0:42  Barracks  
  16  0:50  Refinery  
  16  0:53  SCV  
  17  1:05  SCV  
  18  1:17  SCV  
  19  1:30  Orbital Command  
  19  1:33  Reaper  
  20  1:42  Command Center  
  20  1:51  Supply Depot  
  20  1:56  SCV  
  21  2:01  Refinery  
  21  2:06  Barracks Reactor  
  21  2:11  SCV  
  22  2:23  SCV  
  23  2:31  Factory  
  23  2:35  SCV  
  24  2:42  Marine x2  
  26  2:47  SCV  
  26  2:53  Barracks  
  26  2:54  Orbital Command  
  26  2:59  SCV  
  26  3:03  Engineering Bay  
  27  3:06  Marine  
  28  3:18  Orbital Command  
  28  3:24  Bunker  
  28  3:30  Starport  
  28  3:31  Missile Turret  
  28  3:33  SCV  
  29  3:37  Factory Tech Lab  
  29  3:46  Barracks Tech Lab  
  29  3:52  SCV x2, Liberator  
  31  3:59  Supply Depot  
  31  4:04  SCV x2  
  36  4:18  SCV x2  
  38  4:25  Marine  
  38  4:26  Supply Depot, Marine  
  38  4:29  Marauder  
  42  4:34  SCV x2  
  44  4:39  Stimpack  
  44  4:46  SCV x2  
  44  4:48  Supply Depot  
  46  4:53  Siege Tank  
  46  4:54  Marauder, Marine  
  52  5:01  Terran Infantry Weapons Level 1  
  52  5:03  Starport Reactor  
  52  5:08  SCV x2  
  52  5:09  Marine  
  52  5:12  Marine  
  56  5:20  SCV  
  57  5:26  SCV  
  57  5:27  Supply Depot  
  57  5:28  Marine x2  
  59  5:29  Siege Tank  
  59  5:30  Marine  
  59  5:32  SCV  
  59  5:34  Barracks  
  65  5:46  Marauder  
  65  5:47  Marine  
  65  5:48  Marine  
  69  5:51  Barracks  
  69  5:53  Refinery  
  69  5:54  SCV x2  
  69  5:55  Refinery  
  71  6:03  Medivac x2  
  75  6:05  Marine  
  75  6:08  Marauder  
  75  6:09  Missile Turret  
  78  6:37  Supply Depot, Barracks Tech Lab  
  78  6:40  Supply Depot  
  78  6:43  Barracks  
  78  6:48  Barracks Reactor  
  78  6:58  Supply Depot  
  78  6:59  Supply Depot x2, Marauder, Marine x2  
  78  7:01  Command Center  
  82  7:30  Missile Turret  
  82  7:33  Missile Turret  
  82  7:34  Barracks Reactor  
  82  7:35  Combat Shields  
  82  7:36  Concussive Shells  
  82  7:37  Marine x6  
  82  7:40  SCV  
  82  7:42  Medivac x2  
  93  7:54  Marine  
  93  7:55  Marine x4  
  98  8:09  Marine  
  98  8:10  Siege Tank  
  98  8:12  Marine, Medivac  
  104  8:13  Marauder, Marine x5  
  104  8:19  Orbital Command  
  112  8:24  Supply Depot  
  112  8:28  Marauder  
  112  8:32  SCV x2  
  116  8:35  Marauder  
  121  8:49  Marauder  
  120  9:06  Marauder, Marine x6  
  128  9:10  Marauder  
  128  9:14  Siege Tank  
  128  9:15  Medivac x2  
  134  9:17  Orbital Command  
  134  9:23  Marine  
  134  9:24  Marine x4  
  136  9:28  Marauder  
  141  9:37  SCV x2, Marauder  
  145  9:39  Supply Depot  
  145  9:41  Supply Depot  
  145  9:49  SCV, Marauder  
  148  9:59  Marauder  
  150  10:00  Medivac x2  
  150  10:02  SCV x3  
  150  10:05  Refinery  
  157  10:07  Refinery  
  157  10:14  SCV x3  
  160  10:26  Marine x2  
  160  10:27  Marauder x2, Marine x4  
  170  10:30  Medivac  
  170  10:33  SCV  
  170  10:34  SCV, Medivac  
  176  10:44  Marine x2  
  176  10:49  Marauder x2  
Tags
 
Add a new tag
Caveats
  • Supply blocks, unpowered buildings, or Contaminate may cause inaccurate times.
  • Supply counts are checked every 10 seconds.